[Event "The Kvibergspelen 2023"]
[Site "Kviberg Park Hotel & Conference, Krutvagen 2, Gothenburg, Sweden"]
[Date "2023.09.15"]
[Round "1.1"]
[White "Olsson, Thomas"]
[Black "Hansen, Sune Berg"]
[Result "0-1"]
[TimeControl "15 minutes + 5 seconds per move from move one (Round 1 - 4) / 90 minutes + 30 seconds per move from move one (Round 5 - 8)"]
[BlackTitle "GM"]
[WhiteFideId "1702696"]
[BlackFideId "1400266"]
[WhiteElo "1873"]
[BlackElo "2512"]

1. e4 e5 2. Nf3 Nc6 3. Bb5 a6 4. Ba4 d6 5. Bxc6+ bxc6 6. d4 f6 7. Nc3 Ne7 8. Be3 Ng6 9.
Qd2 Be7 10. h4 h5 11. dxe5 Nxe5 12. Nxe5 fxe5 13. Bg5 Bxg5 14. hxg5 g6 15. O-O-O Rf8 16. f3 Qe7 17. Rdf1 Be6 18.
g3 O-O-O 19. f4 d5 20. exd5 Bxd5 21. Nxd5 Rxd5 22. Qe2 Kb7 23. Kb1 Qd6 24. Rf3 exf4 25. gxf4 Rxf4 26. Rb3+ Rb5 27.
Rd1 Rd4 28. Re1 Rd2 29. Rxb5+ axb5 30. Qf3 Qc5 31. Qb3 Qxg5 32. a4 Qd5 33. Qc3 Qd4 34. Qf3 Qxa4 0-1

[Event "The Kvibergspelen 2023"]
[Site "Kviberg Park Hotel & Conference, Krutvagen 2, Gothenburg, Sweden"]
[Date "2023.09.15"]
[Round "1.2"]
[White "Holm, Kristian Stuvik"]
[Black "Westlund, Tim"]
[Result "1-0"]
[TimeControl "15 minutes + 5 seconds per move from move one (Round 1 - 4) / 90 minutes + 30 seconds per move from move one (Round 5 - 8)"]
[WhiteTitle "IM"]
[WhiteFideId "1508083"]
[BlackFideId "1754718"]
[WhiteElo "2488"]
[BlackElo "1871"]

1. d4 Nf6 2. c4 e6 3. Nf3 d5 4. Nc3 Nbd7 5. Bf4 c6 6. e3 Be7 7. h3 O-O 8. Rc1 Re8 9. Bd3 dxc4 10.
Bxc4 b5 11. Bd3 a6 12. a4 Bb7 13. O-O Qb6 14. Ne5 Rad8 15. Qe2 Nxe5 16. Bxe5 Nd7 17. Bg3 Bf8 18. Rfd1 g6 19. Ne4 Bg7 20.
Bh4 Rb8 21. Nd6 Rf8 22. Be7 e5 23. Bxf8 Rxf8 24. Nxb7 Qxb7 25. Be4 Rc8 26. axb5 axb5 27. Qf3 exd4 28. Bxc6 Qa7 29. Bxd7 Qxd7 30.
Rxc8+ Qxc8 31. exd4 h5 32. b3 Qc2 33. d5 Qc7 34. d6 Qd7 35. Qd5 Bf8 36. Rd3 b4 37. Qc4 Bxd6 38. Qd5 Bh2+ 39.
Kxh2 Qc7+ 40. g3 Kh7 41. Rf3 Qc8 42. Rxf7+ Kh8 43. Qd4+ 1-0

[Event "The Kvibergspelen 2023"]
[Site "Kviberg Park Hotel & Conference, Krutvagen 2, Gothenburg, Sweden"]
[Date "2023.09.15"]
[Round "1.3"]
[White "Paludan, Noah"]
[Black "Larkin, Vladyslav"]
[Result "0-1"]
[TimeControl "15 minutes + 5 seconds per move from move one (Round 1 - 4) / 90 minutes + 30 seconds per move from move one (Round 5 - 8)"]
[BlackTitle "IM"]
[WhiteFideId "1474987"]
[BlackFideId "14152894"]
[WhiteElo "1867"]
[BlackElo "2464"]

1. e4 c5 2. Nc3 a6 3. Nge2 b5 4. g3 Bb7 5. Bg2 h5 6. h4 e6 7. O-O b4 8. Na4 Nf6 9. d4 cxd4 10.
Nxd4 Bxe4 11. Bxe4 Nxe4 12. Re1 d5 13. c4 bxc3 14. Nxc3 Nxc3 15. bxc3 Qd7 16. Qf3 Nc6 17. Rb1 Be7 18.
Bf4 Bf6 19. Nb3 O-O 20. Qxh5 Bxc3 21. Rec1 Bb4 22. Qg4 Rac8 23. Bh6 f5 24. Qf4 Bd6 25. Qa4 gxh6 26. Nd4 Ne5 27. Qxa6 Rxc1+ 28. Rxc1 Nc4 29. Nf3 f4 30. g4 e5 31. Rc2 Qxg4+ 32. Kf1 Qxf3 33. Ke1 0-1

[Event "The Kvibergspelen 2023"]
[Site "Kviberg Park Hotel & Conference, Krutvagen 2, Gothenburg, Sweden"]
[Date "2023.09.15"]
[Round "1.4"]
[White "Seo, Jung Min"]
[Black "Johansson, Lennart B"]
[Result "1-0"]
[TimeControl "15 minutes + 5 seconds per move from move one (Round 1 - 4) / 90 minutes + 30 seconds per move from move one (Round 5 - 8)"]
[WhiteTitle "IM"]
[WhiteFideId "1734687"]
[BlackFideId "1721020"]
[WhiteElo "2462"]
[BlackElo "1846"]

1. d4 Nf6 2. c4 e5 3. dxe5 Ne4 4.
Nf3 b6 5. Nbd2 Bb7 6. Qc2 Bb4 7. a3 Nxd2 8. Nxd2 Bc5 9. Nb3 Na6 10. Nxc5 Nxc5 11. b4 Ne6 12. e3 f6 13. exf6 Qxf6 14.
Bb2 Qg5 15. f4 Qh4+ 16. Qf2 Qe7 17.
Bd3 O-O-O 18. O-O Rdf8 19. Qc2 h5 20. Be4 h4 21. Bxb7+ Kxb7 22. Qe4+ Kb8 23. f5 h3 24. g3 Qd6 25.
fxe6 Qd2 26. e7 Re8 27. Rf2 Qd6 28. Bxg7 Rxe7 29. Qd4 Qxd4 30. Bxd4 Rhe8 31. c5 d6 32. c6 1-0

[Event "The Kvibergspelen 2023"]
[Site "Kviberg Park Hotel & Conference, Krutvagen 2, Gothenburg, Sweden"]
[Date "2023.09.15"]
[Round "1.5"]
[White "Degerfeldt, Sven"]
[Black "Sivuk, Vitaly"]
[Result "0-1"]
[TimeControl "15 minutes + 5 seconds per move from move one (Round 1 - 4) / 90 minutes + 30 seconds per move from move one (Round 5 - 8)"]
[BlackTitle "GM"]
[WhiteFideId "1717430"]
[BlackFideId "14116502"]
[WhiteElo "1839"]
[BlackElo "2461"]

1. d4 Nf6 2. Nf3 g6 3. g3 b6 4. Bg2 Bb7 5. O-O c5 6. c3 Bg7 7. Nbd2 O-O 8. b3 d5 9. Ne5 Nc6 10.
Ndf3 Ne4 11. Nxc6 Bxc6 12. Bb2 Rc8 13. Rc1 Bb7 14. e3 Ba6 15. Re1 c4 16. Nd2 Nxd2 17. Qxd2 Bh6 18. b4 Bb5 19.
f3 Ra8 20. Qc2 Qd7 21. Qe2 a5 22. Ba3 Rfe8 23. Rb1 e6 24. bxa5 Rxa5 25. Bb4 Ra6 26. a3 Rea8 27. e4 Bc6 28. f4 Bf8 29. exd5 Bxd5 30.
Bxd5 Qxd5 31. Qg2 Qxg2+ 32. Kxg2 Bxb4 33. axb4 Ra2+ 34. Kh3 Rc2 35. Rbc1 Rca2 36. Re3 Rb2 37. Re5 h5 38. d5 Raa2 39. Rh1 exd5 40. Rxd5 Rc2 41.
Rb5 Ra6 42. f5 Rxc3 43. fxg6 fxg6 44. Rd1 Kg7 45. Rbd5 Ra2 46. Rd7+ Kh6 47. R7d6 Rcc2 48. Rh1 b5 49. g4 hxg4+ 50. Kxg4 Rxh2 51. Re1 Rab2 52. Ree6 Rhg2+ 53. Kf3 Rg5 54. Rd8 Rxb4 55. Rh8+ Kg7 56. Ree8 Rf5+ 57. Ke3 c3 58. Reg8+ Kf6 59.
Rf8+ Kg5 60. Rxf5+ Kxf5 61. Rc8 Rc4 62. Kd4 Ke5+ 0-1

[Event "The Kvibergspelen 2023"]
[Site "Kviberg Park Hotel & Conference, Krutvagen 2, Gothenburg, Sweden"]
[Date "2023.09.15"]
[Round "1.6"]
[White "Golubka, Petro"]
[Black "Lilliehook, Victor"]
[Result "1-0"]
[TimeControl "15 minutes + 5 seconds per move from move one (Round 1 - 4) / 90 minutes + 30 seconds per move from move one (Round 5 - 8)"]
[WhiteTitle "GM"]
[WhiteFideId "14114224"]
[BlackFideId "1752103"]
[WhiteElo "2439"]
[BlackElo "1837"]

1. e4 c5 2. Nf3 Nc6 3. d4 cxd4 4. Nxd4 Nf6 5. Nc3 e5 6. Ndb5 d6 7. Nd5 Nxd5 8. exd5 Nb8 9. c4 a6 10. Qa4 Nd7 11. c5 Rb8 12.
Nxd6+ Bxd6 13. cxd6 b5 14. Qa3 Nf6 15. Be2 O-O 16. O-O b4 17. Qg3 Qxd6 18. Bh6 Ne8 19. Be3 f5 20. f4 e4 21.
Rac1 Rf6 22. Bc5 Qd7 23. d6 Rg6 24. Qb3+ Kh8 25. Rfd1 Bb7 26. Be3 Bc6 27. Qc2 Ba4 28. b3 Bb5 29.
Bxb5 axb5 30. Qc6 Rd8 31. Qxd7 Rxd7 32. Rc8 Re6 33.
Rd5 g6 34. Re5 Rexd6 35. Rcxe8+ Kg7 36. R8e7+ Rxe7 37. Rxe7+ Kf6 38. Rxh7 Rd1+ 39. Kf2 Rd8 40. Rc7 Ra8 41. Rc6+ Kf7 42.
Rc2 Ke6 43. h3 Kd5 44. Ke2 Ra6 45. Bd2 Kd4 46. Bxb4 e3 47. Bc5+ Ke4 48. Bxe3 Rd6 49. Rd2 1-0

[Event "The Kvibergspelen 2023"]
[Site "Kviberg Park Hotel & Conference, Krutvagen 2, Gothenburg, Sweden"]
[Date "2023.09.15"]
[Round "1.7"]
[White "Johansson, Ingemar"]
[Black "Akesson, Ralf"]
[Result "0-1"]
[TimeControl "15 minutes + 5 seconds per move from move one (Round 1 - 4) / 90 minutes + 30 seconds per move from move one (Round 5 - 8)"]
[BlackTitle "GM"]
[WhiteFideId "1732307"]
[BlackFideId "1700120"]
[WhiteElo "1835"]
[BlackElo "2410"]

1. c4 f5 2. g3 Nf6 3. Bg2 e5 4. Nc3 Nc6 5. Nf3 g6 6. d3 Bg7 7. O-O d6 8. Rb1 O-O 9. b4 h6 10.
a4 Be6 11. Nh4 g5 12. Nf3 f4 13. Nd2 Qd7 14. Nce4 Bh3 15. Nxf6+ Rxf6 16. Bd5+ Kh8 17. Ne4 Rg6 18. Re1 Rf8 19.
Bb2 Nd8 20. Nd2 c6 21. Bg2 Qf5 22. f3 g4 23. Ne4 Bxg2 24. Kxg2 Ne6 25. Rh1 gxf3+ 26. exf3 d5 27. Nf2 fxg3 28.
hxg3 Nf4+ 29. g4 0-1

[Event "The Kvibergspelen 2023"]
[Site "Kviberg Park Hotel & Conference, Krutvagen 2, Gothenburg, Sweden"]
[Date "2023.09.15"]
[Round "1.8"]
[White "Ramsdal, Jens Albert"]
[Black "Frisk, Anders"]
[Result "1-0"]
[TimeControl "15 minutes + 5 seconds per move from move one (Round 1 - 4) / 90 minutes + 30 seconds per move from move one (Round 5 - 8)"]
[WhiteTitle "FM"]
[WhiteFideId "1429221"]
[BlackFideId "1718797"]
[WhiteElo "2391"]
[BlackElo "1835"]

1. d4 f5 2. Bg5 g6 3. h4 Bg7 4. e3 Nc6 5. Nc3 d5 6. Nf3 h6 7. Bf4 a6 8. Bd3 Nf6 9. Be5 Be6 10.
Ne2 Nb4 11. Nf4 Nxd3+ 12. cxd3 Bf7 13. Qb3 Qc8 14. Rc1 c6 15. Qb4 O-O 16. Qxe7 Re8 17. Qd6 Rd8 18. Qa3 Bf8 19. Qb3 Nd7 20.
Rh3 Nxe5 21. Nxe5 g5 22. hxg5 hxg5 23. Rg3 g4 24. Ke2 Be7 25. Rh1 Bg5 26. Nxf7 Kxf7 27. Rh7+ Kg8 28. Rh5 Bxf4 29.
exf4 Re8+ 30. Re3 Rxe3+ 31. fxe3 Qd7 32. Rg5+ Kf7 33. Rxf5+ 1-0

[Event "The Kvibergspelen 2023"]
[Site "Kviberg Park Hotel & Conference, Krutvagen 2, Gothenburg, Sweden"]
[Date "2023.09.15"]
[Round "1.9"]
[White "KHASCHULUU, Sergelenbaatar"]
[Black "Thorn, Eric"]
[Result "0-1"]
[TimeControl "15 minutes + 5 seconds per move from move one (Round 1 - 4) / 90 minutes + 30 seconds per move from move one (Round 5 - 8)"]
[BlackTitle "FM"]
[WhiteFideId "4920929"]
[BlackFideId "1710729"]
[WhiteElo "1833"]
[BlackElo "2390"]

1. e4 e5 2. Nf3 Nc6 3. Bc4 Nf6 4. Ng5 d5 5. exd5 Na5 6. Bb5+ c6 7. dxc6 bxc6 8. Bd3 Nd5 9. h4 Nf4 10.
Bf1 Bd6 11. Nc3 h6 12. Nge4 Bc7 13. d3 O-O 14. g3 Nd5 15. Bg2 f5 16. Nd2 Rb8 17. O-O Nf6 18. Nb3 Qd6 19. Be3 Nxb3 20.
axb3 f4 21. Bxa7 Ra8 22. Ne4 Nxe4 23. Bxe4 fxg3 24. fxg3 Rxa7 25. Rxa7 Bb6+ 26. Kg2 Bxa7 27. Rxf8+ Qxf8 28. Qe2 0-1

[Event "The Kvibergspelen 2023"]
[Site "Kviberg Park Hotel & Conference, Krutvagen 2, Gothenburg, Sweden"]
[Date "2023.09.15"]
[Round "1.10"]
[White "Olsson, William"]
[Black "Nyberg, Peter"]
[Result "1-0"]
[TimeControl "15 minutes + 5 seconds per move from move one (Round 1 - 4) / 90 minutes + 30 seconds per move from move one (Round 5 - 8)"]
[WhiteTitle "FM"]
[WhiteFideId "1741721"]
[BlackFideId "1771779"]
[WhiteElo "2376"]
[BlackElo "1831"]

1. c4 c6 2. Nf3 d5 3. g3 g6 4. Bg2 Bg7 5. O-O Nf6 6. d4 O-O 7. b3 Re8 8. Bb2 b6 9. Nc3 Bb7 10. Qc2 Nbd7 11. Rfd1 Rc8 12.
e4 dxe4 13. Nxe4 Qc7 14. Ned2 e6 15. c5 b5 16. a3 a5 17. h4 Rcd8 18. Re1 h6 19. Rad1 Kh7 20. Nf1 Bc8 21. Re2 Nd5 22.
Rde1 Re7 23. h5 Nf8 24. Ne5 Bxe5 25. Rxe5 f5 26. Ne3 g5 27. Bxd5 Rxd5 28. Nxd5 cxd5 29. c6 Kg7 30. Qc5 Ba6 31. Rxd5 Kf7 32. Rde5 Qa7 33.
Qxa7 Rxa7 34. d5 exd5 35. Rxf5+ Kg8 36.
Re8 Rf7 37. Rxf7 Kxf7 38. Ra8 1-0

[Event "The Kvibergspelen 2023"]
[Site "Kviberg Park Hotel & Conference, Krutvagen 2, Gothenburg, Sweden"]
[Date "2023.09.15"]
[Round "1.11"]
[White "Dingertz, Filip"]
[Black "Reimanis, Ritvars"]
[Result "0-1"]
[TimeControl "15 minutes + 5 seconds per move from move one (Round 1 - 4) / 90 minutes + 30 seconds per move from move one (Round 5 - 8)"]
[BlackTitle "IM"]
[WhiteFideId "1757288"]
[BlackFideId "11602988"]
[WhiteElo "1830"]
[BlackElo "2361"]

1. c4 e6 2. Nc3 d5 3. cxd5 exd5 4. d4 c6 5. Bf4 Bd6 6. Bg3 Nf6 7. e3 Bf5 8. Bd3 Bg6 9. Nge2 O-O 10.
O-O Bxg3 11. hxg3 Ng4 12. Nf4 Nf6 13. Bxg6 hxg6 14. Nd3 Nbd7 15. a3 Qe7 16. Rc1 g5 17. b4 a6 18. Na4 g6 19.
Nac5 Rab8 20. a4 Kg7 21. b5 cxb5 22. axb5 a5 23. Qb3 Nb6 24. Ne5 Rh8 25. Na4 Nbd7 26. Nxd7 Qxd7 27. b6 Rh7 28.
Rc7 Rbh8 29. f3 Qf5 30. Rfc1 Ne4 31. Kf1 Nd2+ 0-1

[Event "The Kvibergspelen 2023"]
[Site "Kviberg Park Hotel & Conference, Krutvagen 2, Gothenburg, Sweden"]
[Date "2023.09.15"]
[Round "1.12"]
[White "Kistrup, Nicolai"]
[Black "Gustavsson, Andreas"]
[Result "1-0"]
[TimeControl "15 minutes + 5 seconds per move from move one (Round 1 - 4) / 90 minutes + 30 seconds per move from move one (Round 5 - 8)"]
[WhiteTitle "FM"]
[WhiteFideId "1444816"]
[BlackFideId "1738895"]
[WhiteElo "2359"]
[BlackElo "1821"]

1. d4 Nf6 2. c4 e6 3. Nf3 b6 4.
g3 Bb7 5. Bg2 Bb4+ 6. Bd2 Qe7 7. O-O O-O 8. Bf4 d5 9. Ne5 c6 10. Nc3 Nbd7 11. Nxd7 Nxd7 12. Qb3 Nf6 13. a3 Bd6 14.
Bxd6 Qxd6 15. c5 Qc7 16. cxb6 Qxb6 17. Qd1 Rac8 18. Na4 Qc7 19. Qd3 Nd7 20. Rfc1 Qb8 21. b4 f5 22. Nc5 Nxc5 23.
Rxc5 Qd6 24. Rac1 f4 25. e4 Qe7 26. Re1 Qg5 27. exd5 exd5 28. Re5 Qf6 29. Bh3 Rce8 30. Qe2 Rxe5 31.
Qxe5 Qxe5 32. dxe5 fxg3 33. hxg3 Re8 34. f4 Kf7 35. Bd7 Rd8 36. Bxc6 Bxc6 37. Rxc6 d4 38. Kf2 Ke7 39. Ke2 Rd7 40. Kd3 g6 41.
b5 g5 42. Rh6 Kd8 43. Rd6 Rxd6 44. exd6 gxf4 45. gxf4 Kd7 46. Kxd4 Kxd6 47. a4 h5 48. Ke4 h4 49. Kf3 Kc5 50.
Kg4 Kb4 51. f5 Kxa4 52. f6 Kxb5 53. f7 1-0

[Event "The Kvibergspelen 2023"]
[Site "Kviberg Park Hotel & Conference, Krutvagen 2, Gothenburg, Sweden"]
[Date "2023.09.15"]
[Round "1.13"]
[White "Magnussen, Pal"]
[Black "Hamark, Jesper"]
[Result "0-1"]
[TimeControl "15 minutes + 5 seconds per move from move one (Round 1 - 4) / 90 minutes + 30 seconds per move from move one (Round 5 - 8)"]
[WhiteFideId "1711814"]
[BlackFideId "1704338"]
[WhiteElo "1820"]
[BlackElo "2342"]

1. e4 c5 2. Nf3 g6 3. d4 cxd4 4. Nxd4 Bg7 5. Be3 Nf6 6. Nc3 Nc6 7. Be2 O-O 8. O-O d6 9. f4 Bd7 10.
Nb3 Be6 11. f5 Bxb3 12. axb3 a6 13.
Kh1 Ne5 14. Qd2 Rc8 15. Bf4 Ned7 16. Bf3 Qc7 17. b4 Nb6 18. b5 axb5 19. Qf2 b4 20. Nb5 Qc5 21. Nd4 Nxe4 22. Bxe4 Qxd4 23.
Qxd4 Bxd4 24. fxg6 hxg6 25. c3 bxc3 26. bxc3 Bxc3 27. Rab1 Bd4 28. Bh6 Rfe8 29.
Rb3 d5 30. Bb1 Rc6 31. Bd3 Rc3 32. Rxc3 Bxc3 33. h4 Bg7 34. Bc1 e5 35. Bb5 Rc8 36. Ba3 Nc4 37. Be7 e4 38. Bg5 d4 39.
Ba4 d3 40. Bb3 b5 0-1

[Event "The Kvibergspelen 2023"]
[Site "Kviberg Park Hotel & Conference, Krutvagen 2, Gothenburg, Sweden"]
[Date "2023.09.15"]
[Round "1.14"]
[White "Jacobsen, Mikkel Manosri"]
[Black "Hedin, Niclas"]
[Result "1-0"]
[TimeControl "15 minutes + 5 seconds per move from move one (Round 1 - 4) / 90 minutes + 30 seconds per move from move one (Round 5 - 8)"]
[WhiteTitle "FM"]
[WhiteFideId "1444514"]
[BlackFideId "1720708"]
[WhiteElo "2313"]
[BlackElo "1813"]

1. d4 d5 2. Bf4 c5 3. e3 Nc6 4. c3 Bf5 5. Nf3 Nf6 6. Nbd2 e6 7. Bb5 a6 8. Bxc6+ bxc6 9. Ne5 Qb6 10.
g4 Be4 11. f3 Bg6 12. h4 h5 13. g5 Nd7 14. Nxg6 fxg6 15. Qc2 O-O-O 16. Qxg6 cxd4 17. cxd4 c5 18. O-O Bd6 19. dxc5 Bxc5 20.
Rac1 Kb7 21. Rc3 Ka8 22. Nb3 e5 23. Qxb6 Bxb6 24. Bg3 Rc8 25. Rfc1 Kb7 26. Kf2 Rxc3 27. Rxc3 Rc8 28. Rxc8 Kxc8 29. Ke2 Kb7 30. Nc1 g6 31.
Nd3 Bc7 32. e4 dxe4 33. fxe4 a5 34. a4 Kc6 35. Bf2 Bd6 36. b3 Nf8 37. Bg3 Nd7 38. Be1 Kb6 39. Bc3 Ka6 40. Kd2 Kb6 41.
Nb2 Nc5 42. Nc4+ Kc7 43. Bxe5 Bxe5 44. Nxe5 Nxb3+ 45. Kc3 Nc5 46. Nxg6 Nxe4+ 47. Kd4 Nd6 48. Ke5 Nc4+ 49. Ke6 Nb6 50.
Ne5 Nxa4 51. g6 Nc5+ 52. Ke7 1-0

[Event "The Kvibergspelen 2023"]
[Site "Kviberg Park Hotel & Conference, Krutvagen 2, Gothenburg, Sweden"]
[Date "2023.09.15"]
[Round "1.15"]
[White "Andersson, Christian"]
[Black "Poley, Vladimir"]
[Result "0-1"]
[TimeControl "15 minutes + 5 seconds per move from move one (Round 1 - 4) / 90 minutes + 30 seconds per move from move one (Round 5 - 8)"]
[BlackTitle "IM"]
[WhiteFideId "1724789"]
[BlackFideId "13500090"]
[WhiteElo "1806"]
[BlackElo "2284"]

1. c4 g6 2. g3 Bg7 3. Bg2 Nc6 4. Nc3 e5 5. d3 d6 6. Nf3 Bg4 7. O-O Qc8 8. Nd5 Nd8 9. h3 Bd7 10. Kh2 c6 11. Nc3 h5 12.
h4 Nh6 13. Qb3 Ng4+ 14. Kg1 O-O 15. Qa3 Qc7 16. Bd2 Ne6 17. Rac1 f5 18. Ng5 Nxg5 19. Bxg5 Rf7 20. b4 f4 21.
b5 Bf8 22. Qb3 Be6 23. Ne4 c5 24. Nc3 Bg7 25. Nd5 Qc8 26. Ne7+ Rxe7 27. Bxe7 Qd7 28. Bg5 Rf8 29. Be4 Bf5 30. e3 Bxe4 31. dxe4 f3 32. Rcd1 Nf6 33. Qd3 Qh3 0-1

[Event "The Kvibergspelen 2023"]
[Site "Kviberg Park Hotel & Conference, Krutvagen 2, Gothenburg, Sweden"]
[Date "2023.09.15"]
[Round "1.16"]
[White "Falkevall, Axel"]
[Black "Lundback, Bengt"]
[Result "1-0"]
[TimeControl "15 minutes + 5 seconds per move from move one (Round 1 - 4) / 90 minutes + 30 seconds per move from move one (Round 5 - 8)"]
[WhiteTitle "FM"]
[WhiteFideId "1735560"]
[BlackFideId "1737350"]
[WhiteElo "2276"]
[BlackElo "1805"]

1. e4 d6 2. d4 Nf6 3. Nc3 c6 4. a4 Qa5 5. Bd3 e5 6. Nf3 Bg4 7. Be3 Be7 8. O-O O-O 9. h3 Bh5 10.
Be2 Nbd7 11. Nh4 Bxe2 12. Qxe2 Nxe4 13. Nf5 Nxc3 14. Nxe7+ Kh8 15. bxc3 g6 16.
Qg4 f5 17. Qh4 Rf6 18. dxe5 Qxe5 19. Nxg6+ 1-0

[Event "The Kvibergspelen 2023"]
[Site "Kviberg Park Hotel & Conference, Krutvagen 2, Gothenburg, Sweden"]
[Date "2023.09.15"]
[Round "1.17"]
[White "Helin, Mikael"]
[Black "Johansson, Gunnar"]
[Result "1-0"]
[TimeControl "15 minutes + 5 seconds per move from move one (Round 1 - 4) / 90 minutes + 30 seconds per move from move one (Round 5 - 8)"]
[WhiteTitle "CM"]
[WhiteFideId "1703838"]
[BlackFideId "1700715"]
[WhiteElo "1801"]
[BlackElo "2254"]

1. c4 Nf6 2. Nc3 g6 3. g3 Bg7 4. Bg2 O-O 5. e4 d6 6. h3 c5 7. Nge2 Nc6 8. O-O Ne8 9. f4 e6 10.
Kh2 f5 11. d3 Nf6 12. Rb1 Qd7 13. a3 b6 14. Ng1 Bb7 15.
Nf3 Rae8 16. exf5 gxf5 17. Ng5 h6 18. Nf3 e5 19. Nh4 e4 20. Ng6 Rf7 21. Nd5 Nxd5 22. cxd5 Nd4 23. dxe4 fxe4 24.
g4 Bxd5 25. f5 Bb3 26. Qe1 Bc2 27. Qh4 Nf3+ 28. Rxf3 exf3 29. Bxf3 d5 30. Bxh6 Bxh6 31. Qxh6 Rh7 32. Qg5 Qg7 33. Bxd5+ Qf7 34. Ne5+ Kf8 35.
Bxf7 1-0

[Event "The Kvibergspelen 2023"]
[Site "Kviberg Park Hotel & Conference, Krutvagen 2, Gothenburg, Sweden"]
[Date "2023.09.15"]
[Round "1.18"]
[White "Cederstam, Carl"]
[Black "Ramsdal, Mikkel"]
[Result "1-0"]
[TimeControl "15 minutes + 5 seconds per move from move one (Round 1 - 4) / 90 minutes + 30 seconds per move from move one (Round 5 - 8)"]
[WhiteTitle "FM"]
[WhiteFideId "1713329"]
[BlackFideId "1438484"]
[WhiteElo "2232"]
[BlackElo "1777"]

1. Nf3 d5 2. e3 c5 3. b3 Nc6 4. Bb2 Nf6 5. Bb5 Bg4 6. h3 Bh5 7. g4 Bg6 8. Ne5 Qc7 9. h4 h6 10.
Nxg6 fxg6 11. Qf3 O-O-O 12. g5 hxg5 13. hxg5 Rxh1+ 14. Qxh1 Ne4 15. Qh3+ Kb8 16. f4 Nb4 17. Be5 Nxc2+ 18. Kd1 Qxe5 19. fxe5 Nf2+ 20. Kxc2 Nxh3 21. e6 Rd6 22. Nc3 a6 23. Rf1 Rd8 24. Bd7 d4 25. Ne4 dxe3 26. dxe3 Kc7 27.
Rh1 Rxd7 28. exd7 Kxd7 29. Rxh3 Kc6 30. Rh8 Kd5 31. Nc3+ 1-0

[Event "The Kvibergspelen 2023"]
[Site "Kviberg Park Hotel & Conference, Krutvagen 2, Gothenburg, Sweden"]
[Date "2023.09.15"]
[Round "1.19"]
[White "Torkkeli, Ted"]
[Black "Hansen, Lars"]
[Result "0-1"]
[TimeControl "15 minutes + 5 seconds per move from move one (Round 1 - 4) / 90 minutes + 30 seconds per move from move one (Round 5 - 8)"]
[WhiteFideId "1737724"]
[BlackFideId "1402528"]
[WhiteElo "1777"]
[BlackElo "2188"]

1. e4 e6 2. d4 d5 3. Nd2 Nf6 4. e5 Nfd7 5. Bd3 c5 6.
c3 Nc6 7. Ne2 cxd4 8. cxd4 f6 9. exf6 Nxf6 10. O-O Bd6 11. Nf3 Qc7 12. a3 O-O 13. Re1 Bd7 14. Ng3 Kh8 15. Bd2 Rae8 16. Bc3 Qb6 17. Qd2 Ng4 18.
Qg5 e5 19. h3 Nxf2 20. Kxf2 e4 21. Qxd5 Bxg3+ 22. Kxg3 Qc7+ 23. Ne5 Nxe5 24. dxe5 exd3 25. Qxd3 Bc6 26. Qd6 Qf7 27. Rf1 Qxf1 28. Rxf1 Rxf1 29. e6 Rf5 30. e7 Rg5+ 31. Kh4 Rxg2 32. Qe5 h6 33.
b4 a6 34. Bd4 Rg5 35. Qe3 Kh7 36. Bc5 Rg2 37. Qe6 g5+ 38. Kh5 Bf3+ 0-1

[Event "The Kvibergspelen 2023"]
[Site "Kviberg Park Hotel & Conference, Krutvagen 2, Gothenburg, Sweden"]
[Date "2023.09.15"]
[Round "1.20"]
[White "Nygren, Kim"]
[Black "Lyngsjo, Gert"]
[Result "1-0"]
[TimeControl "15 minutes + 5 seconds per move from move one (Round 1 - 4) / 90 minutes + 30 seconds per move from move one (Round 5 - 8)"]
[WhiteTitle "CM"]
[WhiteFideId "1706136"]
[BlackFideId "1702319"]
[WhiteElo "2171"]
[BlackElo "1774"]

1. e4 c6 2. d4 d5 3. e5 Bf5 4. Nf3 e6 5. Be2 Ne7 6. Be3 Nd7 7. O-O c5 8. Nc3 cxd4 9. Nb5 Nc6 10.
Nbxd4 Ndxe5 11. Nxe5 Nxe5 12. Bb5+ Nd7 13. Nxf5 exf5 14. Qxd5 a6 15. Rfe1 Be7 16. Bc5 axb5 17. Rxe7+ Qxe7 18.
Bxe7 Kxe7 19. Re1+ Kf6 20. Qd6+ Kg5 21. Qxd7 Rad8 22. Qxf7 g6 23. Qe7+ Kh6 24. Qh4+ Kg7 25. Re7+ Kg8 26.
h3 b6 27. Qf6 1-0

[Event "The Kvibergspelen 2023"]
[Site "Kviberg Park Hotel & Conference, Krutvagen 2, Gothenburg, Sweden"]
[Date "2023.09.15"]
[Round "2.1"]
[White "Hansen, Sune Berg"]
[Black "Lundstedt, Peter"]
[Result "1-0"]
[TimeControl "15 minutes + 5 seconds per move from move one (Round 1 - 4) / 90 minutes + 30 seconds per move from move one (Round 5 - 8)"]
[WhiteTitle "GM"]
[WhiteFideId "1400266"]
[BlackFideId "1718444"]
[WhiteElo "2512"]
[BlackElo "2099"]

1. Nf3 d5 2. g3 Nf6 3. Bg2 e6 4. O-O Be7 5. d3 O-O 6.
Bf4 b6 7. e4 dxe4 8. dxe4 Ba6 9. Re1 Qc8 10. Nc3 Rd8 11. Nd2 Bb7 12. Qe2 Nc6 13. Nb3 a5 14. e5 Nd7 15. a4 Nc5 16.
Nxc5 Bxc5 17. Nb5 Nd4 18. Nxd4 Bxd4 19. c3 Bxg2 20. Kxg2 Bc5 21. Qf3 Qa6 22. Rad1 Rac8 23. Bg5 Rxd1 24.
Rxd1 h6 25. Rd7 Qa8 26. Qxa8 Rxa8 27. Bd8 Kf8 28. Bxc7 Ke8 29.
Rd3 Rc8 30. Bd6 Rd8 31. Kf3 Bxd6 32. exd6 Kd7 33. Ke4 Rc8 34. Rd4 g5 35. Ke5 Rc5+ 36. Ke4 f5+ 37. Ke3 Re5+ 38. Kd2 Rc5 39. h4 Rc6 40. hxg5 hxg5 41.
Kd3 Rxd6 42. Rxd6+ Kxd6 43. Kc4 e5 44. b4 Kc6 45. f3 Kd6 46. Kb5 e4 47. fxe4 fxe4 1-0

[Event "The Kvibergspelen 2023"]
[Site "Kviberg Park Hotel & Conference, Krutvagen 2, Gothenburg, Sweden"]
[Date "2023.09.15"]
[Round "2.2"]
[White "Wahlstrom, Lennart"]
[Black "Holm, Kristian Stuvik"]
[Result "0-1"]
[TimeControl "15 minutes + 5 seconds per move from move one (Round 1 - 4) / 90 minutes + 30 seconds per move from move one (Round 5 - 8)"]
[BlackTitle "IM"]
[WhiteFideId "1706829"]
[BlackFideId "1508083"]
[WhiteElo "2093"]
[BlackElo "2488"]

1. e4 c5 2. Nf3 Nc6 3.
d4 cxd4 4. Nxd4 g6 5. Be2 Bg7 6.
Nb3 Nf6 7. Nc3 O-O 8. O-O a6 9. Be3 d6 10. Kh1 b5 11. a4 b4 12. Nd5 Nd7 13. Nd4 Bb7 14. Nxc6 Bxc6 15. Bd4 Bxd4 16.
Qxd4 a5 17. Bc4 Rc8 18. Ne3 Qb6 19. Qxb6 Nxb6 20. Bd3 Nxa4 21. Nd5 Rfe8 0-1